 Dungeon Crawl Stone Soup version 0.25-a0-566-g062765be81 (webtiles) character file.

Game seed: 5387948430658431527, levelgen mode: deterministic

4243 Emblim88 the Blocker (level 10, -11/82 HPs)
             Began as a Gnoll Fighter on Feb 27, 2020.
             Was an Initiate of Gozag.
             Killed from afar by an efreet (19 damage)
             ... with a fireball
             ... on level 8 of the Dungeon.
             The game lasted 00:12:09 (6602 turns).

Emblim88 the Blocker (Gnoll Fighter)                Turns: 6602, Time: 00:12:10

Health: -11/82     AC: 12    Str: 21      XL:     10   Next: 30%
Magic:  17/17      EV: 12    Int: 15      God:    Gozag
Gold:   895        SH: 11    Dex: 14 (15) Spells: 19/19 levels left

rFire    . . .     SeeInvis +   K - +3 short sword of Division {flame, rN+ Int+4 SInv}
rCold    . . .     Gourm    .   J - +0 kite shield of Midsummer {MR+ Stlth+}
rNeg     + . .     Faith    .   L - +4 ring mail
rPois    +         Spirit   .   (no helmet)
rElec    .         Reflect  .   (no cloak)
rCorr    .         Harm     +   v - +0 pair of gloves
MR       ++...                  (no boots)
Stlth    +++.......             g - amulet of harm
HPRegen  0.23/turn              I - ring of protection from magic
MPRegen  0.15/turn              z - ring of poison resistance

@: gold aura
A: distributed training, fangs 1, strong nose
a: Potion Petition, Call Merchant, Bribe Branch, Renounce Religion


You were on level 8 of the Dungeon.
You worshipped Gozag.
Gozag was pleased with you.
You were hungry.

You visited 1 branch of the dungeon, and saw 8 of its levels.

You collected 957 gold pieces.
You paid 62 gold pieces to Gozag.

Inventory:

Hand Weapons
 a - a +2 trident of venom
 x - a +0 hand axe of venom
 K - the +3 short sword of Division (weapon) {flame, rN+ Int+4 SInv}
   (You took it off a centaur on level 7 of the Dungeon)

   It has been specially enchanted to burn those struck by it, causing extra
   injury to most foes and up to half again as much damage against particularly
   susceptible opponents.
   It affects your intelligence (+4).
   It protects you from negative energy.
   It lets you see invisible.
Missiles
 d - 3 throwing nets
 w - 30 poisoned darts (quivered)
 F - 3 atropa-tipped darts
Armour
 v - a +0 pair of gloves (worn)
 J - the +0 kite shield of Midsummer (worn) {MR+ Stlth+}
   (You found it on level 6 of the Dungeon)

   It affects your resistance to hostile enchantments.
   It makes you more stealthy.
 L - a +4 ring mail (worn)
Jewellery
 g - an amulet of harm (around neck)
 l - an uncursed ring of magical power
 n - an uncursed ring of wizardry
 z - a ring of poison resistance (right hand)
 D - an uncursed ring of protection from cold
 I - a ring of protection from magic (left hand)
Wands
 c - a wand of enslavement (8)
 o - a wand of random effects (24)
 y - a wand of paralysis (7)
 E - a wand of acid (3)
Scrolls
 k - a scroll of remove curse
 m - 2 scrolls of fog
 r - a scroll of teleportation
 t - a scroll of immolation
 A - a scroll of blinking
 G - a scroll of fear
 H - a scroll of magic mapping
Potions
 b - a potion of berserk rage
 e - 3 potions of brilliance
 h - a potion of resistance {unknown}
 i - 2 potions of magic {unknown}
 j - 2 potions of curing {unknown}
 p - 2 potions of lignification {unknown}
 s - 3 potions of mutation {unknown}
 C - a potion of flight {unknown}
Comestibles
 f - 12 rations


   Skills:
 + Level 8.4 Fighting
 + Level 5.0 Short Blades
 + Level 5.0 Long Blades
 + Level 5.0 Axes
 + Level 5.0 Maces & Flails
 + Level 6.9 Polearms
 + Level 5.0 Staves
 + Level 5.0 Slings
 + Level 5.0 Bows
 + Level 5.0 Crossbows
 + Level 5.0 Throwing
 + Level 8.4 Armour
 + Level 5.0 Dodging
 + Level 5.0 Stealth
 + Level 8.4 Shields
 + Level 5.0 Unarmed Combat
 + Level 5.0 Spellcasting
 + Level 4.2 Conjurations
 + Level 4.2 Hexes
 + Level 4.2 Charms
 + Level 4.2 Summonings
 + Level 4.2 Necromancy
 + Level 4.2 Translocations
 + Level 4.2 Transmutations
 + Level 4.2 Fire Magic
 + Level 4.2 Ice Magic
 + Level 4.2 Air Magic
 + Level 4.2 Earth Magic
 + Level 4.2 Poison Magic
 + Level 5.5 Invocations
 + Level 5.0 Evocations


You had 19 spell levels left.
You didn't know any spells.
Your spell library contained the following spells:

 Spells                   Type           Power        Failure   Level  Hunger
 Corona                   Hex            ###....      11%         1    None
 Shock                    Conj/Air       ###.         11%         1    None
 Ensorcelled Hibernation  Hex/Ice        ###...       16%         2    ##.....
 Swiftness                Chrm/Air       ###.....     16%         2    ##.....
 Confusing Touch          Hex            ###.....     30%         3    ###....
 Dazzling Flash           Conj/Hex       ###...       30%         3    ###....
 Static Discharge         Conj/Air       ###.....     30%         3    ###....
 Tukima's Dance           Hex            ###.....     30%         3    ###....
 Airstrike                Air            ###.......   71%         4    ####...
 Lightning Bolt           Conj/Air       ###.......   96%         5    ######.


Dungeon Overview and Level Annotations

Branches:
Dungeon (8/15)             Temple (0/1) D:7
   Lair: D:8-11

Altars:
Ashenzari
Elyvilon
Fedhas
Gozag
Hepliaklqana
Makhleb
Nemelex Xobeh
Okawaru
Ru
Uskayaw
Vehumet
Wu Jian
Xom
Zin
The Shining One


Innate Abilities, Weirdness & Mutations

Your experience applies equally to all skills.
You have very sharp teeth.
Your uncanny sense of smell can sniff out nearby items.


Message History

Your Throwing skill increases to level 5!
Your Dodging skill increases to level 5!
Your Stealth skill increases to level 5!
Your Unarmed Combat skill increases to level 5!
Your Spellcasting skill increases to level 5!
Your Evocations skill increases to level 5!
There is an open door here.
There is an open door here.
There is an open door here.
Okay, then.
You start resting.
The efreet is too close now for your liking.
The efreet gestures at you.
The fireball explodes!
The fireball engulfs you!
* * * LOW HITPOINT WARNING * * *
You hear an angry hiss.
The efreet gestures at you.
The fireball explodes!
The fireball engulfs you!
You die...
Your body crumbles into a pile of gold.

#.... #.#######......###
#.....#...##....####....
#.....#.#.#...#.#..#.>##
#...(...#.###.#.#..#....
#######.#.......#..##.#.
##)#####.###..##.#(
#8.8# #.........#
#8.8######.##.#####
#8@8#.#.##.##...... ∆
+...'..##>.#####...
##8##...#...####.#.
#########'###.##...#.
#.......#.R##.##.####
#.⌠...⌠.#..#..##.# $
#....⌠..#..#.#...#
+...⌠...'.##<#.###
#..⌠....####.#.#


You could see an efreet.

Vanquished Creatures
  Harold (D:7)
  A catoblepas (D:8)
  Pikel (D:6)
  A hippogriff (D:7)
  Eustachio (D:4)
  Menkaure (D:5)
  Duvessa (D:7)
  An ice beast (D:6)
  A sky beast (D:6)
  3 ogres
  3 centaurs
  3 bullfrogs
  Dowan (D:7)
  A scorpion (D:7)
  5 crimson imps
  A quasit (D:8)
  2 jellies
  A hound (D:5)
  3 orc priests
  3 orc wizards
  2 centaur skeletons
  A gnoll shaman (D:5)
  6 worker ants
  A hound zombie (D:5)
  A howler monkey zombie (D:6)
  3 gnolls (D:5)
  14 adders
  3 adder skeletons
  An adder zombie (D:7)
  A worm (D:2)
  3 dart slugs
  4 leopard geckos
  13 orcs
  9 bats
  6 giant cockroaches
  8 goblins
  6 hobgoblins
  9 jackals
  A quokka (D:5)
  2 frilled lizards
  2 jackal zombies
  2 kobolds (D:1)
  5 rats
138 creatures vanquished.

Vanquished Creatures (others)
  2 bullfrogs (D:6)
2 creatures vanquished.

Grand Total: 140 creatures vanquished

Notes
Turn   | Place    | Note
-------+----------+-------------------------------------------
     0 | D:1      | Emblim88 the Gnoll Fighter began the quest for the Orb.
     0 | D:1      | Reached XP level 1. HP: 23/23 MP: 1/1
    80 | D:1      | Reached XP level 2. HP: 29/29 MP: 2/2
   537 | D:1      | Reached XP level 3. HP: 31/35 MP: 3/3
   726 | D:2      | Reached skill level 1 in Invocations
   730 | D:2      | Reached skill level 1 in Short Blades
   730 | D:2      | Reached skill level 1 in Long Blades
   730 | D:2      | Reached skill level 1 in Axes
   730 | D:2      | Reached skill level 1 in Maces & Flails
   730 | D:2      | Reached skill level 1 in Staves
   730 | D:2      | Reached skill level 1 in Slings
   730 | D:2      | Reached skill level 1 in Bows
   730 | D:2      | Reached skill level 1 in Crossbows
   730 | D:2      | Reached skill level 1 in Throwing
   730 | D:2      | Reached skill level 1 in Dodging
   730 | D:2      | Reached skill level 1 in Stealth
   730 | D:2      | Reached skill level 1 in Unarmed Combat
   730 | D:2      | Reached skill level 1 in Spellcasting
   730 | D:2      | Reached skill level 1 in Evocations
   730 | D:2      | Reached XP level 4. HP: 16/41 MP: 5/5
  1379 | D:2      | Reached skill level 1 in Conjurations
  1379 | D:2      | Reached skill level 1 in Hexes
  1379 | D:2      | Reached skill level 1 in Charms
  1379 | D:2      | Reached skill level 1 in Summonings
  1379 | D:2      | Reached skill level 1 in Necromancy
  1379 | D:2      | Reached skill level 1 in Translocations
  1379 | D:2      | Reached skill level 1 in Transmutations
  1379 | D:2      | Reached skill level 1 in Fire Magic
  1379 | D:2      | Reached skill level 1 in Ice Magic
  1379 | D:2      | Reached skill level 1 in Air Magic
  1379 | D:2      | Reached skill level 1 in Earth Magic
  1379 | D:2      | Reached skill level 1 in Poison Magic
  1503 | D:2      | Reached XP level 5. HP: 46/47 MP: 6/6
  1750 | D:2      | Found a glowing golden altar of the Shining One.
  1750 | D:2      | Found a glowing silver altar of Zin.
  1750 | D:2      | Found a white marble altar of Elyvilon.
  1848 | D:2      | Found a radiant altar of Vehumet.
  2519 | D:4      | Found a sacrificial altar of Ru.
  2525 | D:4      | Noticed a centaur
  2532 | D:4      | Killed a centaur
  2532 | D:4      | Reached XP level 6. HP: 41/53 MP: 8/8
  2621 | D:4      | Found a blossoming altar of Fedhas.
  2710 | D:4      | Reached skill level 5 in Polearms
  2902 | D:4      | Found a sparkling altar of Nemelex Xobeh.
  2965 | D:4      | Noticed Eustachio
  2979 | D:4      | Killed Eustachio
  2979 | D:4      | Reached XP level 7. HP: 32/60 MP: 10/10
  3312 | D:4      | Found an opulent altar of Gozag.
  3327 | D:4      | Found an iron altar of Okawaru.
  3341 | D:4      | Found a shattered altar of Ashenzari.
  3358 | D:4      | Found a hazy altar of Hepliaklqana.
  3434 | D:4      | Became a worshipper of Gozag Ym Sagoz the Greedy
  3481 | D:5      | Entered Level 5 of the Dungeon
  3522 | D:5      | Found a shimmering altar of Xom.
  3789 | D:5      | Reached XP level 8. HP: 43/67 MP: 12/12
  3812 | D:5      | Noticed Menkaure
  3821 | D:5      | Killed Menkaure
  4425 | D:6      | Found a sparkling altar of Nemelex Xobeh.
  4465 | D:6      | Found a shimmering altar of Xom.
  4788 | D:6      | Found a burning altar of Makhleb.
  4790 | D:6      | Noticed Pikel
  4813 | D:6      | Killed Pikel
  4813 | D:6      | Reached XP level 9. HP: 65/73 MP: 14/14
  4861 | D:6      | Got a warped kite shield
  4872 | D:6      | Identified the cursed +0 kite shield of Midsummer {MR+
                  | Stlth+} (You found it on level 6 of the Dungeon)
  5505 | D:7      | Noticed Dowan
  5510 | D:7      | Found a hide-covered altar of Uskayaw.
  5510 | D:7      | Noticed Duvessa
  5541 | D:7      | Killed Dowan
  5643 | D:7      | Killed Duvessa
  5709 | D:7      | Found an ornate altar of the Wu Jian Council.
  5867 | D:7      | Identified the cursed +3 short sword of Division {flame,
                  | rN+ Int+4 SInv}
  5912 | D:7      | Found a staircase to the Ecumenical Temple.
  5912 | D:7      | Noticed Harold
  5933 | D:7      | Killed Harold
  5933 | D:7      | Reached skill level 5 in Invocations
  6033 | D:7      | Reached XP level 10. HP: 76/80 MP: 17/17
  6570 | D:8      | Noticed a catoblepas
  6580 | D:8      | Killed a catoblepas
  6580 | D:8      | Reached skill level 5 in Short Blades
  6580 | D:8      | Reached skill level 5 in Long Blades
  6580 | D:8      | Reached skill level 5 in Axes
  6580 | D:8      | Reached skill level 5 in Maces & Flails
  6580 | D:8      | Reached skill level 5 in Staves
  6580 | D:8      | Reached skill level 5 in Slings
  6580 | D:8      | Reached skill level 5 in Bows
  6580 | D:8      | Reached skill level 5 in Crossbows
  6580 | D:8      | Reached skill level 5 in Throwing
  6580 | D:8      | Reached skill level 5 in Dodging
  6580 | D:8      | Reached skill level 5 in Stealth
  6580 | D:8      | Reached skill level 5 in Unarmed Combat
  6580 | D:8      | Reached skill level 5 in Spellcasting
  6580 | D:8      | Reached skill level 5 in Evocations
  6602 | D:8      | Killed from afar by an efreet

Levels and vault maps discovered:
D:1:      giann_bridges, layout_basic, minmay_pentomino_p4
D:2:      layout_basic, good_gods_mini_temple, lemuel_coloured_pillars_altar
D:3:      minmay_angry_zag, layout_loops_ring
D:4:      layout_rooms, nicolae_ru_sacrificial_ziggurat,
          fedhas_bush_and_centaur_altar, nicolae_overflow_quartered_altars,
          nemelex_spade_bored_becter, uniq_eustachio
D:5:      layout_basic, overflow_temple_1_default, first_ration, uniq_menkaure
D:6:      layout_loops_ring, nicolae_overflow_crystal_walls, kennysheep_mini,
          minmay_ruined_shrine, uniq_pikel
D:7:      layout_loops_ring, nicolae_overflow_hidden_temple,
          eat_drink_and_be_merry_uskayaw, minmay_temple_entry_waves,
          uniq_duvessa, uniq_harold
D:8:      minmay_chambers_of_sevens, layout_basic, marbit_many_paths

Skill      XL: |  1  2  3  4  5  6  7  8  9 10 |
---------------+-------------------------------+-----
Invocations    | 1 2 3 4 5 |  5.5
Short Blades   | 1 2 3 4 5 |  5.0
Long Blades    | 1 2 3 4 5 |  5.0
Axes           | 1 2 3 4 5 |  5.0
Maces & Flails | 1 2 3 4 5 |  5.0
Staves         | 1 2 3 4 5 |  5.0
Slings         | 1 2 3 4 5 |  5.0
Bows           | 1 2 3 4 5 |  5.0
Crossbows      | 1 2 3 4 5 |  5.0
Throwing       | 1 2 3 4 5 |  5.0
Dodging        | 1 2 3 4 5 |  5.0
Stealth        | 1 2 3 4 5 |  5.0
Unarmed Combat | 1 2 3 4 5 |  5.0
Spellcasting   | 1 2 3 4 5 |  5.0
Evocations     | 1 2 3 4 5 |  5.0
Conjurations   | 1 2 3 4 |  4.2
Hexes          | 1 2 3 4 |  4.2
Charms         | 1 2 3 4 |  4.2
Summonings     | 1 2 3 4 |  4.2
Necromancy     | 1 2 3 4 |  4.2
Translocations | 1 2 3 4 |  4.2
Transmutations | 1 2 3 4 |  4.2
Fire Magic     | 1 2 3 4 |  4.2
Ice Magic      | 1 2 3 4 |  4.2
Air Magic      | 1 2 3 4 |  4.2
Earth Magic    | 1 2 3 4 |  4.2
Poison Magic   | 1 2 3 4 |  4.2
Polearms       | 5 6 |  6.9
Fighting       | 7 8 |  8.4
Armour         | 7 8 |  8.4
Shields        | 7 8 |  8.4

Action                   |  1- 3 |  4- 6 |  7- 9 | 10-12 || total
-------------------------+-------+-------+-------+-------++-------
Melee: Trident           |    79 |   178 |   279 |       ||   536
       Bite              |     7 |    15 |    38 |     4 ||    64
       Short sword       |       |       |    22 |    50 ||    72
Throw: Dart              |       |       |       |     3 ||     3
Evoke: Wand              |       |       |       |     2 ||     2
  Use: Potion            |       |       |     2 |       ||     2
       Scroll            |       |       |    17 |       ||    17
 Stab: Distracted        |       |     1 |       |       ||     1
       Sleeping          |       |       |     2 |     1 ||     3
  Eat: Chunk             |       |     7 |     1 |       ||     8
       Ration            |       |       |     3 |       ||     3
Armor: Chain mail        |    20 |    75 |    68 |       ||   163
       Scale mail        |     2 |       |       |       ||     2
       Ring mail         |       |       |    12 |    18 ||    30
Dodge: Dodged            |    15 |    45 |    60 |    35 ||   155
Block: Kite shield       |    31 |   121 |   116 |    32 ||   300

Table legend:
 A = Non-vault XP
 B = Vault XP
 C = Vault XP percentage of total XP
 D = Non-vault monster count
 E = Vault monster count
 F = Vault count percentage of total count
                 A         B        C        D         E       F
            +---------+---------+-------+---------+---------+-------
      Total |    2432 |    3630 |  59.9 |     115 |      23 |  16.7
            +---------+---------+-------+---------+---------+-------
        D:1 |      38 |       4 |   9.5 |      19 |       3 |  13.6
        D:2 |     126 |       0 |   0.0 |      19 |       0 |   0.0
        D:3 |      46 |       8 |  14.8 |      11 |       4 |  26.7
        D:4 |     365 |     308 |  45.8 |      12 |       2 |  14.3
        D:5 |     566 |     172 |  23.3 |      25 |       1 |   3.8
        D:6 |     200 |     805 |  80.1 |       7 |       7 |  50.0
        D:7 |     874 |    1237 |  58.6 |      16 |       3 |  15.8
        D:8 |     217 |    1096 |  83.5 |       6 |       3 |  33.3
            +---------+---------+-------+---------+---------+-------
